 Dungeon Crawl Stone Soup version 0.22-a0-469-gf26638a (webtiles) character file.

93 Laiders72 the Grave Robber (level 4, -3/36 HPs)
             Began as a Ghoul Necromancer on June 11, 2018.
             Slain by a gnoll
             ... wielding a +0 spear
              (6 damage)
             ... on level 2 of the Dungeon.
             The game lasted 00:13:40 (2823 turns).

Laiders72 the Grave Robber (Ghoul Necromancer)      Turns: 2823, Time: 00:13:41

Health: -3/36      AC:  2    Str: 11    XL:     4   Next: 61%
Magic:  4/6        EV: 12    Int: 11    God:
Gold:   41         SH:  0    Dex:  9    Spells: 2/7 levels left

rFire    . . .     SeeInvis .     - Unarmed
rCold    + . .     Gourm    .   (no shield)
rNeg     + + +     Faith    .   a - +0 robe
rPois    ∞         Spirit   .   (no helmet)
rElec    .         Reflect  .   (no cloak)
rCorr    .         Harm     .   (no gloves)
MR       .....                  (no boots)
Stlth    ++........             (no amulet)
HPRegen  0.00/turn              (no ring)
MPRegen  0.10/turn              (no ring)

@: rotting
A: rotting body, claws 1, carnivore, cold resistance 1, negative energy
resistance 3, inhibited regeneration, torment resistance, unbreathing
a: no special abilities


You were on level 2 of the Dungeon.
You were hungry.

You visited 1 branch of the dungeon, and saw 2 of its levels.

You collected 41 gold pieces.

Inventory:

Missiles
 d - 53 stones (quivered)
Armour
 a - a +0 robe (worn)
Scrolls
 b - 2 scrolls of remove curse {unknown}
 e - a scroll of teleportation {unknown}
 f - a scroll of immolation {unknown}
 h - a scroll of identify {unknown}
Potions
 i - a potion of berserk rage {unknown}
Comestibles
 c - 3 rations
 g - 3 chunks of flesh


   Skills:
 + Level 1.7 Fighting
 + Level 2.4 Dodging
 + Level 3.1 Stealth
 + Level 1.7 Unarmed Combat
 + Level 2.3 Spellcasting
 - Level 4.0 Necromancy


You had 2 spell levels left.
You knew the following spells:

 Your Spells              Type           Power        Failure   Level  Hunger
a - Pain                  Necr           ##..         5%          1    ##.....
b - Animate Skeleton      Necr           N/A          5%          1    ##.....
c - Vampiric Draining     Necr           ##........   16%         3    ####...

Your spell library contained the following spells:

 Spells                   Type           Power        Failure   Level  Hunger
 Animate Dead             Necr           N/A          47%         4    #####..
 Regeneration             Chrm/Necr      #.........   36%         3    ####...


Dungeon Overview and Level Annotations

Branches:
Dungeon (2/15)

Altars:


Innate Abilities, Weirdness & Mutations

Your body is rotting away.
You thrive on raw meat.
You are immune to poison.
You have sharp fingernails.
You are carnivorous and can eat meat at any time.
Your flesh is cold resistant. (rC+)
You are immune to negative energy. (rN+++)
You do not regenerate when monsters are visible.
You are immune to unholy pain and torment.
You can survive without breathing.


Message History

The gnoll hits you with a flail.
The gnoll hits you from afar with a spear.
Casting: Animate Skeleton (safe; 5% risk of failure)
Confirm with . or Enter, or press ? or * to list all spells.
Aiming: Pain (safe; 5% risk of failure)
Press: ? - help, Shift-Dir - straight line, f - gnoll
Aim: a gnoll, wielding a flail (chance to defeat MR: 71%)
The gnoll struggles to resist.
You are feeling hungry.
The gnoll hits you with a flail!
The gnoll hits you from afar with a spear.
Casting: Pain (safe; 5% risk of failure)
Confirm with . or Enter, or press ? or * to list all spells.
Aiming: Pain (safe; 5% risk of failure)
Press: ? - help, Shift-Dir - straight line, f/p - gnoll
Aim: a gnoll, wielding a flail (chance to defeat MR: 71%)
The gnoll writhes in agony!
The gnoll hits you with a flail!
* * * LOW HITPOINT WARNING * * *
The gnoll hits you from afar with a spear.
You die...

..#.####.........#
............######
.##.......>.#
.##.........######
.##..........#...#
.##......#.....#.#
.........##)#.##.#
......g...÷###...#
.......(.##.#)##@#
......(..#.....#g#
....###.?...##.g.#
...####.....######
...# #...#### ...#
#..## ...# #..#
...###..#
...##...#


You could see 2 gnolls.

Vanquished Creatures
  A gnoll (D:1)
  An adder (D:2)
  3 oozes (D:1)
  2 worms (D:2)
  2 dart slugs
  A leopard gecko (D:1)
  4 bats
  4 giant cockroaches
  7 goblins
  3 hobgoblins (D:1)
  3 jackals
  A ball python (D:1)
  2 frilled lizards (D:1)
  4 kobolds (D:1)
  4 rats
42 creatures vanquished.

Vanquished Creatures (collateral kills)
  An adder (D:2)
  A goblin (D:1)
  A kobold (D:1)
  2 rats (D:1)
5 creatures vanquished.

Grand Total: 47 creatures vanquished

Notes
Turn   | Place    | Note
-------+----------+-------------------------------------------
     0 | D:1      | Laiders72 the Ghoul Necromancer began the quest for the Orb.
     0 | D:1      | Reached XP level 1. HP: 14/14 MP: 2/2
     2 | D:1      | Learned a level 1 spell: Animate Skeleton
    78 | D:1      | Reached XP level 2. HP: 11/22 MP: 0/3
   743 | D:1      | Reached skill level 1 in Fighting
   743 | D:1      | Reached skill level 1 in Unarmed Combat
   813 | D:1      | Reached XP level 3. HP: 28/28 MP: 5/5
  1662 | D:2      | Learned a level 3 spell: Vampiric Draining
  2137 | D:2      | Reached XP level 4. HP: 30/34 MP: 0/6
  2823 | D:2      | Slain by a gnoll

Vault maps used:
D:1:      nicolae_arrival_memento_mori, minivault_4
D:2:      chequers_ecumenical_altar_simple_redux, minivault_27, minmay_tall_x

Skill      XL: |  1  2  3  4 |
---------------+-------------+-----
Dodging        | 2 |  2.4
Spellcasting   | 2 |  2.3
Fighting       | 1 |  1.7
Unarmed Combat | 1 |  1.7
Stealth        | 3 |  3.1
Necromancy     | |  4.0

Action                   |  1- 3 |  4- 6 || total
-------------------------+-------+-------++-------
Melee: Unarmed           |    92 |    18 ||   110
 Cast: Pain              |    57 |    24 ||    81
       Animate Skeleton  |     7 |     2 ||     9
 Stab: Sleeping          |     1 |       ||     1
  Eat: Chunk             |     6 |     2 ||     8
Armor: Robe              |    18 |     4 ||    22
Dodge: Dodged            |    64 |    17 ||    81

Table legend:
 A = Spawn XP
 B = Non-spawn XP
 C = Spawn XP percentage of total XP
 D = Spawn monster count
 E = Non-spawn monster count
 F = Spawn count percentage of total count
 G = Total turns spent on level
                    A         B        C        D         E        F      G
               +---------+---------+-------+---------+---------+-------+---------
         Total |       0 |     133 |   0.0 |       0 |      47 |   0.0 |  2823
               +---------+---------+-------+---------+---------+-------+---------
           D:1 |       0 |      85 |   0.0 |       0 |      34 |   0.0 |  2281
           D:2 |       0 |      48 |   0.0 |       0 |      13 |   0.0 |   542
               +---------+---------+-------+---------+---------+-------+---------
